AoeStats
← Grogu

Hideout

507576603Analyzed
1v1 RM · 12d ago on Sep 18, 2026· 45m 27s· 2 players
Game mode
Random Map
Map size
Tiny (2 player)
Population
200
Speed
Normal
Resources
Standard
Victory
Conquest
Starting age
Dark Age
Ending age
Imperial Age
RankedLock teamsTeams togetherTeam positionsShared explorationLock speedFull tech treeHidden civsTurbo modeCheats
Victory
Defeat
🇦🇷 Khmer · Argentina
1344
+13
🇧🇷 Georgians · Brazil
1286
-13
[VA] Elfo_ricota
10:49 Feudal Age
14:19 Castle Age
12:30 Double-Bit Axe
12:49 Horse Collar
13:37 Stone Mining
15:14 Bow Saw
17:59 Gold Mining
19:26 Loom
20:17 Wheelbarrow
22:26 Sanctity
25:06 Fervor
25:44 Scale Barding Armor
27:40 Husbandry
28:59 Wheelbarrow
28:52 Bloodlines
33:05 Imperial Age
30:39 Heavy Plow
30:56 Scale Mail Armor
31:07 Forging
31:27 Tusk Swords
31:04 Pikeman
32:42 Fletching
33:08 Chain Mail Armor
33:29 Iron Casting
36:02 Hand Cart
36:23 Town Watch
37:56 Blast Furnace
36:18 Halberdier
42:58 Chemistry
45:04 Conscription
44:32 Arson
45:42 Chain Barding Armor
44:44 Light Cavalry
Grogu
7:10 Loom
7:40 Loom
10:16 Feudal Age
15:13 Castle Age
13:08 Horse Collar
17:01 Town Watch
20:03 Bloodlines
24:47 Wheelbarrow
26:24 Town Patrol
33:25 Imperial Age
32:27 Fortified Wall
33:52 Scale Barding Armor
33:57 Forging
35:25 Chemistry
35:11 Block Printing
36:08 Sanctity
36:00 Redemption
36:28 Chain Barding Armor
36:43 Iron Casting
39:16 Plate Barding Armor
40:01 Husbandry
42:49 Light Cavalry
43:57 Devotion
44:33 Hussar
Connection lost

Rejoining the realm…

Still unreachable

The connection could not be restored.

Session expired

The server has moved on; the page needs a fresh start.